 Dungeon Crawl Stone Soup version 0.15-a0-1004-gbf4e2e6 (webtiles) character file.

4 Bloax the Insei (level 1, 0/9 HPs)
             Began as a Vine Stalker Transmuter on May 25, 2014.
             Succumbed to an adder's poison
             ... on Level 2 of the Dungeon.
             The game lasted 00:00:37 (132 turns).

Bloax the Insei (Vine Stalker Transmuter)            Turns: 132, Time: 00:00:37

HP   0/9         AC  2     Str 12      XL: 1   Next: 60%
MP   0/3         EV 12     Int 13      God:
Gold 0           SH  0     Dex 14      Spells:  1 memorised,  3 levels left

rFire  . . .     SeeInvis .       - Unarmed
rCold  . . .     Clarity  .     c - +0 robe
rNeg   . . .     Conserve .     (no shield)
rPois  .         rCorr    .     (no helmet)
rElec  .         rRot     +     (no cloak)
SustAb .         Spirit   +     (no gloves)
rMut   .         Warding  .     (boots unavailable)
Gourm  .         Stasis   .     (no amulet)
MR     .....                    (no ring)
                                (no ring)

@: appendage (expiring), lethally poisoned, not resistant to hostile
enchantments, very unstealthy
A: fangs 2, talons 3, regeneration 1, magic shield, antimagic bite, no device
heal 3, rot immunity
a: End Transformation


You were on level 2 of the Dungeon.
You were not hungry.
You had grown temporary talons.
You visited 1 branch of the dungeon, and saw 2 of its levels.


Innate Abilities, Weirdness & Mutations

You have extremely sharp teeth.
Your natural rate of healing is unusually fast.
When hurt, damage is shared between your health and your magic reserves.
Your bite disrupts and absorbs the magic of your enemies.
Potions and wands cannot restore your health.
You are immune to rotting.
You have claws for feet.


   Skills:
 - Level 0.8 Fighting
 - Level 1.5 Dodging
 + Level 3.2 Unarmed Combat
 + Level 2.3 Spellcasting
 - Level 2.0 Transmutations


You had 3 spell levels left.
You knew the following spells:

 Your Spells              Type           Power        Failure   Level  Hunger
a - Beastly Appendage     Trmt           #.....       12%         1    #......


Dungeon Overview and Level Annotations

Branches:
Dungeon (2/15)

Altars:

Inventory:

Missiles
 b - 30 arrows
Armour
 c - a +0 robe (worn)
 e - a +1 chain mail of fire resistance
   (You found it on level 1 of the Dungeon)
Comestibles
 a - 2 bread rations
Scrolls
 g - a scroll of immolation {unknown}
Potions
 f - 2 potions of curing {unknown}
Books
 d - a book of Changes

   Spells                             Type                      Level
   *Beastly Appendage                 Transmutation                1
   Sticks to Snakes                   Transmutation                2
   Spider Form                        Transmutation/Poison         3
   Ice Form                           Ice/Transmutation            4
   Blade Hands                        Transmutation                5

. .. ... ##. ...#
#.. ...#. #..
##..... ##..
#....#. . ...
....#.....
#.##S#.#....
#..@...#...
##..##.....##.#
#..........###.#
<...)##...#...#
....#...#.....#
..#...###.....#.#
.
.............#.#
## ....
#...........#.##
.. ...
........##....#


You could see an adder.


Message History

The giant gecko barely misses you.
You hit the giant gecko.
The giant gecko is heavily wounded.
The giant gecko completely misses you.
You closely miss the giant gecko.
The giant gecko is heavily wounded.
The giant gecko misses you.
The giant gecko bites you but does no damage.
You barely miss the giant gecko.
The giant gecko is heavily wounded.
The giant gecko bites you.
You hit the giant gecko.
You kill the giant gecko!
Found a stone staircase leading down.
There is a stone staircase leading down here.
You climb downwards.
Found four items.
There is a stone staircase leading up here.
g - a scroll labeled PNUHAK GIUMO
There are no items here.
f - 2 smoky orange potions (gained 1)
There are no items here.
You see here 18 arrows.
b - 30 arrows (gained 18)
Found a bread ration.
Found a robe.
a - 2 bread rations (gained 1)
You see here a robe.
Found a ring mail.
Found a war axe.
Found a stone staircase leading up.
An adder comes into view.
Casting: Beastly Appendage Your feet morph into talons.
The adder barely misses you.
You hit the adder.
The adder is moderately wounded.
The adder misses you.
You closely miss the adder.
The adder is moderately wounded.
The adder bites you but does no damage.
You barely miss the adder.
The adder is moderately wounded.
Your transformation is almost over.
The adder bites you.
You barely miss the adder.
The adder is moderately wounded.
The adder bites you but does no damage. The adder barely misses you.
You miss the adder.
The adder is moderately wounded.
The adder bites you.
You are poisoned.
The adder poisons you!
You hit the adder but do no damage.
The adder is moderately wounded.
You feel sick. The adder misses you.
You closely miss the adder.
The adder is moderately wounded.
The adder misses you.
Unknown command.
You miss the adder.
The adder is moderately wounded.
The adder bites you but does no damage.
You hit the adder.
The adder is heavily wounded.
The adder bites you.
* * * LOW HITPOINT WARNING * * *
The adder bites you.
* * * LOW HITPOINT WARNING * * *
You barely miss the adder.
The adder is heavily wounded.
You die...

Action                   || total
-------------------------++-------
Melee: Unarmed           ||    23
 Cast: Beastly Appendage ||     1

Vault maps used:
D:1:      evilmike_arrival_sounds_zot, fountainhead
D:2:      nicolae_overflow_hidden_temple, first_bread

Notes
Turn   | Place    | Note
--------------------------------------------------------------
     0 | D:1      | Bloax, the Vine Stalker Transmuter, began the quest for the Orb.
     0 | D:1      | Reached XP level 1. HP: 9/9 MP: 3/3
   131 | D:2      | HP: 1/9 [adder (3)]
   132 | D:2      | Succumbed to an adder's poison

Vanquished Creatures
  A giant gecko (D:1)
  A hobgoblin (D:1)
  A bat (D:1)
3 creatures vanquished.
